 Dungeon Crawl Stone Soup version 0.28-a0-413-gde365fb1df (webtiles) character file.

Game seed: 7934910281128309296

141 robertstho the Skirmisher (level 5, -2/48 HPs)
             Began as a Minotaur Berserker on Sept 7, 2021.
             Was a Priest of Trog.
             Killed by nerve-wracking pain
             ... invoked by Grinder
              (14 damage)
             ... while paralysed by Grinder
             ... on level 3 of the Dungeon.
             The game lasted 00:03:06 (3726 turns).

robertstho the Skirmisher (Minotaur Berserker)      Turns: 3726, Time: 00:03:06

Health: -2/48      AC:  6    Str: 22    XL:     5   Next: 3%
Magic:  4/4        EV:  2    Int:  5    God:    Trog [***...]
Gold:   261        SH:  0    Dex:  9    Spells: 4/4 levels left

rFire   . . .      SeeInvis +   a - +0 hand axe
rCold   + . .      Faith    .   (no shield)
rNeg    . . .      Spirit   .   q - +1 ring mail
rPois   .          Reflect  .   (helmet restricted)
rElec   .          Harm     .   e - scarf {repulsion}
rCorr   .          Rampage  .   (no gloves)
Will    .....                   (no boots)
Stlth   ..........              (no amulet)
HPRegen 0.16/turn               c - ring of protection from cold
MPRegen 0.09/turn               i - ring of see invisible

@: paralysed, on berserk cooldown, slowed, repel missiles
A: horns 2, retaliatory headbutt
a: Renounce Religion, Berserk, Trog's Hand


You were on level 3 of the Dungeon.
You worshipped Trog.
Trog was most pleased with you.
You visited 1 branch of the dungeon, and saw 3 of its levels.

You collected 261 gold pieces.

Inventory:

Hand Weapons
 a - a +0 hand axe (weapon)
Armour
 e - a scarf of repulsion (worn)
 q - a +1 ring mail (worn)
Jewellery
 c - a ring of protection from cold (left hand)
 i - a ring of see invisible (right hand)
Scrolls
 b - a scroll of acquirement {unknown}
 d - a scroll of enchant armour
 f - a scroll of fog
 h - a scroll of magic mapping {unknown}
 n - 2 scrolls of torment
Potions
 g - a potion of cancellation {unknown}
 j - a potion of degeneration {unknown}
 k - a potion of brilliance {unknown}
 l - a potion of curing {unknown}
 o - a potion of invisibility
 p - a potion of attraction {unknown}


   Skills:
 * Level 5.2 Fighting
 + Level 4.9 Axes
 * Level 3.2 Armour
 + Level 2.7 Dodging


You had 4 spell levels left.
You didn't know any spells.
Your spell library was empty.

Dungeon Overview and Level Annotations

Branches:
Dungeon (3/15)

Altars:
Ashenzari

Annotations:
D:3 Grinder


Innate Abilities, Weirdness & Mutations

You have a pair of horns on your head.
You reflexively headbutt those who attack you in melee.


Message History

A red film seems to cover your vision as you go berserk!
You feel yourself moving faster!
You feel mighty! Grinder gestures at you.
You suddenly lose the ability to move!
Grinder hits you but does no damage. x2
Grinder barely misses you.
You can move again.
You barely miss Grinder.
Grinder is moderately wounded.
You slash Grinder!
Grinder is heavily wounded.
Grinder blinks!
You feel a strong urge to attack something.
You are no longer berserk.
You are exhausted.
You feel yourself slow down. Grinder barely misses you. Grinder hits you!
You writhe in agony.
You hit Grinder.
Grinder is severely wounded.
Grinder barely misses you. You furiously retaliate!
You headbutt Grinder! You closely miss Grinder.
Grinder is almost dead.
Grinder hits you.
You writhe in agony.
Grinder gestures at you. Pain shoots through your body!
You hit Grinder but do no damage.
Grinder is almost dead.
Grinder gestures at you.
You suddenly lose the ability to move!
Grinder hits you but does no damage. Grinder hits you.
* * * LOW HITPOINT WARNING * * *
You writhe in agony.
* * * LOW HITPOINT WARNING * * *
Grinder says, "I used to sell toenails on the black market."
Grinder gestures at you.
You shrug off the repeated paralysis!
Grinder gestures at you. Pain shoots through your body!
You die...

+..............
####...########
##.### #...#
###.# #.# #.#
#.######### #.#
#..5@.....# #.#
......######.#
#.# ##...
#####.###.# #..
#.........# #.
#.###.##### #
........#
....##### ##


You could see Grinder (invisible).

Vanquished Creatures
  4 adders
  A worm (D:2)
  A dart slug (D:1)
  An orc (D:3)
  7 ball pythons
  8 endoplasms
  2 giant cockroaches (D:1)
  7 goblins
  8 hobgoblins
  12 jackals
  12 kobolds
  4 quokkas (D:1)
  13 bats
  4 frilled lizards
  8 rats
92 creatures vanquished.

Vanquished Creatures (others)
  2 fungi (D:2)
  5 plants (D:1)
  4 toadstools (D:2)
  8 withered plants (D:1)
19 creatures vanquished.

Grand Total: 111 creatures vanquished

Notes
Turn   | Place    | Note
-------+----------+-------------------------------------------
     0 | D:1      | robertstho the Minotaur Berserker began the quest for the
                  | Orb.
     0 | D:1      | Reached XP level 1. HP: 19/19 MP: 0/0
   340 | D:1      | Reached skill level 4 in Fighting
   343 | D:1      | Reached XP level 2. HP: 12/27 MP: 1/1
   723 | D:1      | Reached ** piety under Trog
   724 | D:1      | Reached XP level 3. HP: 33/34 MP: 2/2
   901 | D:1      | Found a faded altar of an unknown god.
  2281 | D:2      | Reached skill level 5 in Fighting
  2281 | D:2      | Reached XP level 4. HP: 31/42 MP: 3/3
  2381 | D:2      | Found a broken altar of Ashenzari.
  2778 | D:3      | Reached *** piety under Trog
  3592 | D:3      | Reached XP level 5. HP: 45/48 MP: 4/4
  3706 | D:3      | Noticed Grinder
  3710 | D:3      | Paralysed by Grinder for 4 turns
  3722 | D:3      | Paralysed by Grinder for 5 turns
  3726 | D:3      | Killed from afar by Grinder

Illustrated notes

Levels and vault maps discovered:
D:1:      erik_arrival_orb_chamber, layout_basic,
          shapermc_ecumenical_altar_flowoftime, minmay_pentomino_w4
D:2:      layout_basic, basic_altar, grunt_ministairs_12,
          minmay_gold_behind_fungi
D:3:      layout_loops_corners, minmay_pentangle, uniq_grinder

Skill      XL: |  1  2  3  4 |
---------------+-------------+-----
Fighting       | 4 5 |  5.2
Axes           | 4 |  4.9
Armour         | 3 |  3.2
Dodging        | |  2.7

Action                   |  1- 3 |  4- 6 || total
-------------------------+-------+-------++-------
Melee: Hand axe          |   140 |    76 ||   216
       Headbutt          |    27 |     6 ||    33
Invok: Berserk           |     2 |     3 ||     5
  Use: Scroll            |       |     6 ||     6
 Stab: Sleeping          |     2 |       ||     2
Armor: Animal skin       |    35 |     5 ||    40
       Ring mail         |       |    24 ||    24
Dodge: Dodged            |    92 |    36 ||   128

Table legend: (Time is in decaauts)
 A = Elapsed time spent in this place.
 B = Non-inter-level travel time spent in this place.
 C = Inter-level travel time spent in this place.
 D = Time resting spent in this place.
 E = Time spent auto-exploring this place.
 F = Levels seen in this place.
 G = Mean time per level.
                   A        B        C        D        E       F      G
               +--------+--------+--------+--------+--------+-----+--------+
         Total |   3795 |   3557 |    238 |    568 |   2435 |   3 | 1265.0 |
       Dungeon |   3795 |   3557 |    238 |    568 |   2435 |   3 | 1265.0 |
               +--------+--------+--------+--------+--------+-----+--------+

Top non-repeatable levels by time:
     D:1: 1686 daAuts
     D:3: 1076 daAuts
     D:2: 1032 daAuts
